 Dungeon Crawl Stone Soup version 0.28-a0-233-gb8ca4b6547 (webtiles) character file.

Game seed: 6009496597132829453

109 pokeman the Magician (level 4, -1/25 HPs)
             Began as a Deep Elf Hedge Wizard on Aug 23, 2021.
             Slain by an ogre (21 damage)
             ... on level 3 of the Dungeon.
             The game lasted 00:05:31 (2687 turns).

pokeman the Magician (Deep Elf Hedge Wizard)        Turns: 2687, Time: 00:05:33

Health: -1/25      AC:  4    Str:  7    XL:     4   Next: 59%
Magic:  6/13       EV: 12    Int: 20    God:
Gold:   88         SH:  0    Dex: 14    Spells: 3/14 levels left

rFire   . . .      SeeInvis .   h - +2 dagger (venom)
rCold   . . .      Faith    .   (no shield)
rNeg    + . .      Spirit   .   j - +1 leather armour {rN+}
rPois   .          Reflect  .   c - +0 hat
rElec   .          Harm     .   (no cloak)
rCorr   .          Rampage  .   (no gloves)
Will    .....                   (no boots)
Stlth   ++........              (no amulet)
HPRegen 0.08/turn               (no ring)
MPRegen 0.13/turn               (no ring)

@: no status effects
A: no striking features
a: no special abilities


You were on level 3 of the Dungeon.
You visited 1 branch of the dungeon, and saw 3 of its levels.

You collected 88 gold pieces.

Inventory:

Hand Weapons
 h - a +2 dagger of venom (weapon)
Missiles
 e - 56 arrows
 i - 20 bolts
Armour
 c - a +0 hat (worn)
 j - a +1 leather armour of positive energy (worn)
 l - a +0 kite shield
Magical Staves
 d - a staff of poison
Scrolls
 a - 6 scrolls of amnesia {unknown}
 f - 2 scrolls of identify {unknown}
 g - a scroll of holy word {unknown}
Potions
 b - 2 potions of curing {unknown}
 k - a potion of degeneration {unknown}


   Skills:
 - Level 1.0 Fighting
 - Level 1.0 Armour
 + Level 2.8 Dodging
 - Level 2.4 Stealth
 * Level 5.8 Spellcasting
 + Level 2.2 Conjurations
 - Level 1.1 Summonings
 - Level 1.1 Translocations
 + Level 0.9 Fire Magic


You had 3 spell levels left.
You knew the following spells:

 Your Spells              Type           Power      Damage    Failure   Level
a - Magic Dart            Conj           60%        1d6       6%          1
b - Mephitic Cloud        Conj/Pois/Air  8%         N/A       34%         3
c - Call Imp              Summ           10%        N/A       16%         2
d - Blink                 Tloc           N/A        N/A       16%         2
e - Conjure Flame         Conj/Fire      12%        6-21      24%         3

Your spell library contained the following spells:

 Spells                   Type           Power      Damage    Failure   Level
 Slow                     Hex            5%         N/A       24%         2


Dungeon Overview and Level Annotations

Branches:
Dungeon (3/15)

Altars:
Makhleb

Shops:
D:1 ::(


Message History

The ogre is moderately wounded.
Casting: Magic Dart (safe; 6% risk of failure)
Confirm with . or Enter, or press ? or * to list all spells.
Aiming: Magic Dart (safe; 6% risk of failure)
Press: ? - help, Shift-Dir - straight line, f/p - ogre
Aim: an ogre, wielding a +0 giant club (moderately wounded, 100% to hit)
The magic dart hits the ogre.
The ogre is heavily wounded.
Casting: Magic Dart (safe; 6% risk of failure)
Confirm with . or Enter, or press ? or * to list all spells.
Aiming: Magic Dart (safe; 6% risk of failure)
Press: ? - help, Shift-Dir - straight line, f/p - ogre
Aim: an ogre, wielding a +0 giant club (heavily wounded, 100% to hit)
The magic dart hits the ogre.
The ogre is heavily wounded.
Casting: Magic Dart (safe; 6% risk of failure)
Confirm with . or Enter, or press ? or * to list all spells.
Aiming: Magic Dart (safe; 6% risk of failure)
Press: ? - help, Shift-Dir - straight line, f/p - ogre
Aim: an ogre, wielding a +0 giant club (heavily wounded, 100% to hit)
The magic dart hits the ogre.
The ogre is severely wounded.
The ogre hits you with a +0 giant club.
Casting: Magic Dart (safe; 6% risk of failure)
Confirm with . or Enter, or press ? or * to list all spells.
Aiming: Magic Dart (safe; 6% risk of failure)
Press: ? - help, Shift-Dir - straight line, f/p - ogre
Aim: an ogre, wielding a +0 giant club (severely wounded, 100% to hit)
The magic dart hits the ogre.
The ogre is severely wounded.
Casting: Magic Dart (safe; 6% risk of failure)
Confirm with . or Enter, or press ? or * to list all spells.
Aiming: Magic Dart (safe; 6% risk of failure)
Press: ? - help, Shift-Dir - straight line, f/p - ogre
Aim: an ogre, wielding a +0 giant club (severely wounded, 100% to hit)
The magic dart hits the ogre.
The ogre is almost dead.
The ogre hits you with a +0 giant club!!
Ouch! That really hurt!
You die...

♣....<). ♣###)##. ♣♣
#.##. .#..####)##.
####.......).##. #..
...)>...###. . # #.#
#######.###.
....#$###.## ####...###
......O@...# #.........
....#####..####.##...###
. #.......###.##
#.####### #.# #.# #.#
#.. ..# ### ###


You could see an ogre.

Vanquished Creatures
  3 adders
  2 worms (D:3)
  2 dart slugs (D:1)
  4 orcs (D:3)
  A ball python (D:1)
  5 bats
  2 endoplasms (D:1)
  5 giant cockroaches
  2 hobgoblins
  9 jackals
  5 kobolds
  A quokka (D:1)
  5 frilled lizards
  5 goblins
  4 rats
55 creatures vanquished.

Vanquished Creatures (collateral kills)
  2 adders (D:2)
2 creatures vanquished.

Grand Total: 57 creatures vanquished

Notes
Turn   | Place    | Note
-------+----------+-------------------------------------------
     0 | D:1      | pokeman the Deep Elf Hedge Wizard began the quest for the
                  | Orb.
     0 | D:1      | Reached XP level 1. HP: 10/10 MP: 7/7
     6 | D:1      | Found Kues Goeqo's Book Boutique.
    64 | D:1      | Found Hynyi's Antique Weapon Shoppe.
   181 | D:1      | Reached XP level 2. HP: 16/16 MP: 3/9
   544 | D:1      | Reached skill level 5 in Spellcasting
   746 | D:1      | Found a faded altar of an unknown god.
   755 | D:1      | Reached XP level 3. HP: 20/20 MP: 6/11
   759 | D:1      | Learned a level 3 spell: Mephitic Cloud
   762 | D:1      | Learned a level 2 spell: Call Imp
   765 | D:1      | Learned a level 2 spell: Blink
   769 | D:1      | Learned a level 3 spell: Conjure Flame
   808 | D:1      | Found Ofunu's Book Boutique.
  1323 | D:2      | Reached skill level 1 in Armour
  1326 | D:2      | Reached skill level 1 in Fighting
  1844 | D:2      | Found a burning altar of Makhleb.
  1851 | D:2      | Reached XP level 4. HP: 25/25 MP: 8/13
  2679 | D:3      | Noticed an ogre
  2687 | D:3      | Slain by an ogre

Illustrated notes

Levels and vault maps discovered:
D:1:      psy_arrival_spokes, layout_rooms, serial_shops,
          nicolae_shop_overgrown_old_shop, shop_fountains, shop,
          dreamdust_ecumenical_altar_statues, kennysheep_pointless_box,
          minmay_tromino_v7
D:2:      layout_basic, basic_altar, chequers_serial_rivers_large_b,
          grunt_ministairs_9
D:3:      layout_loops_ring, mainiacjoe_overflow_six_doors_small,
          gammafunk_ghost_cemetery, minmay_close_crescents, uniq_ijyb

Skill      XL: |  1  2  3 |
---------------+----------+-----
Spellcasting   | 5 |  5.8
Armour         | 1 |  1.0
Fighting       | 1 |  1.0
Conjurations   | 2 |  2.2
Dodging        | |  2.8
Stealth        | |  2.4
Summonings     | |  1.1
Translocations | |  1.1
Fire Magic     | |  0.9

Action                   |  1- 3 |  4- 6 || total
-------------------------+-------+-------++-------
Melee: Staff             |    20 |       ||    20
       Dagger            |       |    33 ||    33
 Cast: Magic Dart        |   105 |    33 ||   138
       Call Imp          |     1 |       ||     1
       Mephitic Cloud    |       |     3 ||     3
 Stab: Confused          |       |     2 ||     2
Armor: Robe              |     3 |       ||     3
       Leather armour    |     7 |     9 ||    16
Dodge: Dodged            |    31 |    16 ||    47

Table legend: (Time is in decaauts)
 A = Elapsed time spent in this place.
 B = Non-inter-level travel time spent in this place.
 C = Inter-level travel time spent in this place.
 D = Time resting spent in this place.
 E = Time spent auto-exploring this place.
 F = Levels seen in this place.
 G = Mean time per level.
                   A        B        C        D        E       F      G
               +--------+--------+--------+--------+--------+-----+--------+
         Total |   2738 |   2719 |     19 |     72 |   2228 |   3 |  912.7 |
       Dungeon |   2738 |   2719 |     19 |     72 |   2228 |   3 |  912.7 |
               +--------+--------+--------+--------+--------+-----+--------+

Top non-repeatable levels by time:
     D:2: 1273 daAuts
     D:1: 1015 daAuts
     D:3: 449 daAuts
